[Event "European Women Rapid-ch 2023"]
[Site "Monaco"]
[Date "2024.01.14"]
[Round "11.25"]
[White "Khurtsilava, Inga"]
[Black "Hnatyshyn, Anastasiia"]
[Result "1/2-1/2"]
[ECO "D05"]
[WhiteElo "2186"]
[BlackElo "2152"]
[Annotator "TA"]
[PlyCount "122"]
[EventDate "2023.12.19"]
[EventType "swiss"]
[EventCountry "MNC"]
[SourceTitle "playchess.com"]
[Source "ChessBase"]
[SourceQuality "1"]
[TimeControl "900+10"]

1. d4 d5 2. Nf3 Nf6 3. e3 e6 4. Bd3 c5 5. b3 Nc6 6. a3 Be7 7. O-O O-O 8. Bb2 b6 9. Nbd2 Bb7 10. Ne5 Nxe5 11. dxe5 {[%emt 0:00:02] D05: Damenbauernspiele (Colle-Aufbau).} Nd7 12. f4 g6 13. Qg4 Kh8 $146 ({Predecessor:} 13... c4 14. bxc4 dxc4 15. Nxc4 Nc5 16. Bd4 Qd5 17. Qe2 Rac8 18. Bxc5 Qxc5 19. Nd2 Qc3 {0-1 Cherednichenko,E (2028)-Stiri,A (2258) EU-ch (Women) 8th 2007 (9)}) 14. Rad1 f5 15. exf6 Bxf6 16. Bxf6+ Qxf6 17. Nf3 Rae8 18. Bb5 Qe7 19. Qg5 a6 20. Qxe7 Rxe7 21. Bxd7 Rxd7 22. Ne5 Rdd8 23. g4 Kg7 24. h4 d4 25. exd4 Rxd4 26. Rxd4 cxd4 27. Rf2 Be4 28. Nc4 b5 29. Ne5 $1 Rc8 30. Rd2 Rxc2 31. Rxd4 Bd5 32. b4 Rg2+ 33. Kf1 Rg3 34. Kf2 ({Nur nicht} 34. Rd3 $2 Bc4 35. Nxc4 Rxd3 $19) 34... Rxa3 35. g5 Rh3 36. Rd3 Rxh4 37. Kg3 Rh1 38. Rc3 $1 Rg1+ 39. Kh2 (39. Kf2 $15 Rg2+ 40. Ke1) 39... Rh1+ (39... Rb1 $17 40. Kg3 Rb3 (40... Rxb4 41. Rc7+ Kg8 42. Rc8+ Kg7 43. Rc7+ Kh8 44. Rc8+ Kg7 45. Rc7+ $11) 41. Rxb3 Bxb3) 40. Kg3 $11 Rg1+ 41. Kf2 Rg2+ 42. Ke1 Rb2 (42... Bc4 $5) 43. Rc7+ Kg8 44. Nd3 Rb3 45. Kd2 Bc4 46. Nc5 Rf3 47. Rc8+ Kg7 48. Rc7+ Kg8 (48... Kf8 $11 49. Rxh7 Rxf4 50. Nd7+ Ke8 51. Nf6+ Kd8) 49. Rc8+ $15 Kg7 (49... Kf7 $15 50. Rc7+ Ke8) 50. Rc7+ $11 Kg8 (50... Kf8 $11 51. Rxh7 Rxf4 52. Nd7+ Ke8) 51. Rc8+ $15 Kg7 52. Rc7+ Kg8 53. Nd7 Rxf4 54. Nf6+ Kf8 55. Ke3 Rh4 56. Nxh7+ Kg8 57. Nf6+ Kf8 58. Ra7 Bd5 59. Rd7 Rxb4 60. Nh7+ Kg8 (60... Ke8 $5 61. Nf6+ $8 Kf8 $11) 61. Nf6+ Kf8 1/2-1/2

[Event "European Women Rapid-ch 2023"]
[Site "Monaco"]
[Date "2024.01.14"]
[Round "11.26"]
[White "Rodriguez Redondo, Adhara"]
[Black "Reizniece-Ozola, Dana"]
[Result "0-1"]
[ECO "B08"]
[WhiteElo "2130"]
[BlackElo "2278"]
[Annotator "ChessBase"]
[PlyCount "94"]
[EventDate "2023.12.19"]
[EventType "swiss"]
[EventCountry "MNC"]
[SourceTitle "playchess.com"]
[Source "ChessBase"]
[SourceQuality "1"]
[TimeControl "900+10"]

1. e4 d6 2. d4 g6 3. Nf3 Bg7 4. Nc3 Nf6 5. h3 c6 6. Be2 O-O 7. a4 Qa5 8. Bd2 e5 9. O-O exd4 10. Nxd4 Re8 11. Nb3 Qd8 12. Bd3 Nbd7 13. Re1 Ne5 14. Bf1 Be6 15. Nd4 Bc4 16. Nf3 Bxf1 17. Kxf1 Nc4 18. Bc1 d5 19. exd5 Rxe1+ 20. Nxe1 Nxd5 21. Nxd5 cxd5 22. Nd3 Rc8 23. Kg1 Qd7 24. Ra2 Nd6 25. Ra1 Ne4 26. Bf4 Qf5 27. c3 d4 28. g4 Qd5 29. Nb4 Qc4 30. Qf3 dxc3 31. bxc3 Bxc3 32. Rc1 Qxb4 33. Bh6 Re8 34. Kg2 Bd2 35. Rc7 Nd6 36. Bxd2 Qxd2 37. Rd7 Re6 38. Rd8+ Kg7 39. Qg3 Qd4 40. Rd7 Qd5+ 41. Kh2 Qc6 42. Rd8 Ne4 43. Qf4 Re8 44. Rd4 Nf6 45. g5 Nd5 46. Qf3 Ne7 47. Re4 Nf5 0-1

[Event "European Women Rapid-ch 2023"]
[Site "Monaco"]
[Date "2024.01.14"]
[Round "11.27"]
[White "Pavlidou, Ekaterini"]
[Black "Uta, Adeline-Ramona"]
[Result "1-0"]
[ECO "E73"]
[WhiteElo "2206"]
[BlackElo "2036"]
[Annotator "RC"]
[PlyCount "149"]
[EventDate "2023.12.19"]
[EventType "swiss"]
[EventCountry "MNC"]
[SourceTitle "playchess.com"]
[Source "ChessBase"]
[SourceQuality "1"]
[TimeControl "900+10"]

1. d4 Nf6 2. c4 g6 3. Nc3 Bg7 4. e4 d6 5. Be2 Na6 6. Be3 O-O 7. h4 h5 8. f3 c6 9. Qd2 d5 10. cxd5 cxd5 11. e5 Nh7 12. g4 f6 13. gxh5 gxh5 14. f4 Bg4 15. Bxg4 hxg4 16. Qg2 Nb4 17. O-O-O Qc8 18. a3 Na2+ 19. Kd2 Nxc3 20. bxc3 Rd8 21. Ne2 f5 22. h5 Bh6 23. Rb1 b6 24. Rhc1 Qc4 25. Rc2 Rac8 26. Rb4 Qa6 27. a4 e6 28. Bf2 Rc4 29. Rbb2 Rdc8 30. a5 Qxa5 31. Ra2 Ra4 32. Rxa4 Qxa4 33. Be3 b5 34. Qh1 b4 35. Qb1 Bf8 36. Ra2 bxc3+ 37. Nxc3 Qb4 38. Qa1 Rc7 39. Rxa7 Rxa7 40. Qxa7 Qb2+ 41. Kd3 Bb4 42. Bd2 Qb3 43. h6 Qc4+ 44. Kc2 Bf8 45. Qd7 Qa6 46. Qe8 Qb6 47. Qg6+ Kh8 48. Be3 Qc6 49. Bf2 Qd7 50. Bh4 Bb4 51. Kb3 Bf8 52. Kc2 Bb4 53. Kb3 Bf8 54. Bg5 Nxg5 55. fxg5 Qb7+ 56. Kc2 Qe7 57. Qh5 g3 58. g6 g2 59. Ne2 Qc7+ 60. Kd1 Qc4 61. g7+ Bxg7 62. hxg7+ Kxg7 63. Qg5+ Kf7 64. Qxg2 Qd3+ 65. Ke1 Qb1+ 66. Kf2 Qc2 67. Qg5 Qc6 68. Qf6+ Ke8 69. Qg6+ Ke7 70. Qg5+ Kf7 71. Qh6 Qb6 72. Ke3 Qb3+ 73. Kf4 Qb6 74. Kg5 Qa6 75. Nf4 1-0